Map: Abiogenesis LE

Players

lawlaw

  • Race: Terran Terran
  • League: Silver
  • Spawn Location: 11:00

Infamous - Winner!

  • Race: Protoss Protoss
  • League: Silver
  • Spawn Location: 5:00

VOD

Have the link to the VOD?

Description

Time

  • Played on: March 19, 2018, 1:52 p.m.
  • Length: 10:26
Show
View Real Time Build Order
Export as new Build Order

lawlaw Terran 

Build Orders:  

Get SALT Encoding   

  12  0:03  SCV  
  13  0:15  SCV  
  14  0:22  Supply Depot  
  14  0:30  SCV  
  15  0:44  SCV  
  15  0:45  Barracks  
  16  1:02  SCV  
  17  1:11  Refinery  
  17  1:26  SCV  
  18  1:32  Supply Depot  
  18  1:38  SCV  
  19  1:43  Marine  
  20  2:00  Barracks  
  20  2:12  Barracks Tech Lab  
  20  2:21  Orbital Command  
  20  2:38  Command Center  
  20  2:43  Marine  
  21  2:49  Factory  
  21  2:56  Barracks Reactor  
  21  3:01  Marine  
  21  3:02  Refinery  
  21  3:04  SCV  
  23  3:16  SCV  
  23  3:18  Marine  
  24  3:36  Marine  
  25  3:52  Starport  
  25  4:00  SCV  
  26  4:08  Hellion x2  
  30  4:12  SCV  
  31  4:25  Stimpack  
  31  4:29  Hellion x2, Supply Depot  
  31  4:30  Supply Depot  
  35  4:33  Orbital Command  
  35  4:35  SCV  
  36  4:43  Barracks Tech Lab  
  36  4:46  Medivac  
  36  4:47  SCV  
  36  4:49  Marine  
  36  4:52  Hellion x2, Supply Depot  
  44  4:59  SCV  
  45  5:07  Marine  
  45  5:10  SCV  
  45  5:11  SCV  
  48  5:15  Marine, Medivac  
  48  5:19  Hellion  
  53  5:22  SCV  
  53  5:23  SCV  
  53  5:24  Marine  
  56  5:33  Marine  
  57  5:42  Marine  
  57  5:45  Medivac  
  60  6:00  Marine x2  
  62  6:08  Factory  
  62  6:09  Hellion  
  62  6:10  Hellion  
  66  6:18  Marine x2  
  68  6:31  Hellion  
  70  6:36  Hellion  
  70  6:41  Marauder  
  70  6:42  Marauder  
  70  6:46  Supply Depot  
  68  7:03  Marauder  
  68  7:04  Command Center  
  68  7:06  Supply Depot, Engineering Bay  
  68  7:08  Marine, Factory Tech Lab  
  71  7:10  Supply Depot  
  66  7:24  Marine  
  66  7:26  Marine, SCV x2  
  66  7:29  Supply Depot  
  70  7:31  Engineering Bay  
  67  7:38  SCV  
  67  7:41  Marine  
  70  7:44  Marauder  
  70  7:50  Missile Turret  
  70  7:56  Missile Turret  
  70  7:59  Marine  
  70  8:02  Terran Infantry Weapons Level 1  
  70  8:03  Terran Infantry Armor Level 1  
  70  8:05  Marine  
  70  8:36  SCV  
  70  8:40  SCV x2  
  73  8:48  SCV  
  73  8:52  Missile Turret, SCV x2  
  76  9:08  Marine x2, Missile Turret  
  78  9:11  Hellion x2  
  78  9:13  Viking  
  84  9:26  Marauder x2  
  84  9:30  SCV  
  84  9:31  SCV x2  
  91  9:32  Hellion x2  
  95  9:43  SCV x3  
  78  9:47  Marauder x2  
  58  9:55  SCV x2  
Show
View Real Time Build Order
Export as new Build Order

Infamous Protoss - Winner!

Build Orders:  

Get SALT Encoding   

  12  0:01  Probe  
  13  0:13  Probe  
  14  0:18  Pylon  
  14  0:25  Probe  
  15  0:38  Gateway  
  15  0:40  Probe (Chrono Boost)  
  17  0:51  Probe (Chrono Boost)  
  17  0:52  Assimilator  
  17  1:05  Probe  
  17  1:07  Pylon  
  18  1:17  Probe  
  19  1:28  Cybernetics Core  
  19  1:29  Probe  
  20  1:41  Probe  
  20  1:43  Pylon  
  21  1:48  Assimilator  
  21  1:56  Probe  
  22  2:04  Warp Gate (Chrono Boost)  
  22  2:07  Robotics Facility  
  22  2:11  Probe  
  22  2:23  Gateway  
  22  2:24  Probe  
  23  2:32  Stalker  
  25  2:42  Probe  
  25  2:43  Gateway  
  26  2:54  Observer  
  26  2:57  Probe  
  28  3:12  Pylon  
  28  3:22  Pylon, Warp Prism  
  30  3:52  Sentry  
  30  3:54  Sentry  
  30  3:55  Sentry  
  36  3:56  Nexus  
  36  4:00  Pylon  
  36  4:07  Immortal  
  40  4:19  Forge  
  40  4:23  Zealot  
  42  4:31  Pylon  
  42  4:43  Probe  
  43  4:52  Protoss Ground Weapons Level 1 (Chrono Boost)  
  43  4:55  Probe  
  43  4:56  Gateway x2  
  43  5:07  Probe x2  
  45  5:18  Immortal  
  49  5:32  Probe  
  50  5:36  Stalker  
  50  5:37  Stalker  
  54  5:43  Probe  
  54  5:46  Gateway  
  55  6:09  Stalker  
  55  6:10  Stalker x2  
  43  6:45  Probe (Chrono Boost)  
  43  6:46  Probe (Chrono Boost)  
  45  6:57  Probe (Chrono Boost)  
  45  7:00  Stalker  
  45  7:01  Stalker x2  
  53  7:03  Probe (Chrono Boost)  
  53  7:04  Immortal  
  57  7:31  Sentry  
  57  7:32  Zealot  
  57  7:33  Zealot x2  
  57  7:34  Zealot  
  67  7:47  Zealot  
  67  7:49  Probe x2  
  71  7:55  Assimilator  
  71  8:01  Probe  
  72  8:22  Adept x4  
  80  8:27  Probe  
  80  8:28  Probe  
  82  8:42  Probe (Chrono Boost)  
  82  8:43  Probe (Chrono Boost)  
  84  8:54  Stalker  
  86  9:02  Photon Cannon  
  86  9:08  Photon Cannon  
  86  9:23  Pylon  
  86  9:26  Pylon  
Tags
 
Add a new tag
Caveats
  • Supply blocks, unpowered buildings, or Contaminate may cause inaccurate times.
  • Supply counts are checked every 10 seconds.